 Dungeon Crawl Stone Soup version 0.17-a0-1989-gfb2cd5c (webtiles) character file.

128 Ordine the Skirmisher (level 5, -3/38 HPs)
             Began as an Octopode Fighter on Oct 7, 2015.
             Slain by an orc
             ... wielding a +0 mace
              (7 damage)
             ... on level 3 of the Dungeon.
             The game lasted 00:03:18 (1419 turns).

Ordine the Skirmisher (Octopode Fighter)            Turns: 1419, Time: 00:03:18

Health: -3/38      AC:  2    Str: 21    XL:     5   Next: 12%
Magic:  5/5        EV: 10    Int: 10    God:
Gold:   44         SH:  9    Dex: 12    Spells: 0 memorised, 4 levels left

rFire  . . .     SeeInvis .     a - +0 long sword
rCold  . . .     Clarity  .     b - +0 shield
rNeg   . . .     SustAt   .     (helmet restricted)
rPois  .         Gourm    .     (no amulet)
rElec  .         Spirit   .     h - +1 ring of protection
rCorr  .         Warding  .     j - ring of loudness (curse)
rMut   .         Stasis   .     (no ring)
MR     .....                    (no ring)
Stlth  +.........               (no ring)
                                (no ring)
                                (no ring)
                                (no ring)

@: mighty, not resistant to hostile enchantments, very unstealthy
A: almost no armour, amphibious, 8 rings, constrict 8, camouflage 1, gelatinous
body 1
a: no special abilities


You were on level 3 of the Dungeon.
You were not hungry.

You visited 1 branch of the dungeon, and saw 3 of its levels.

You collected 44 gold pieces.

Inventory:

Hand Weapons
 a - a +0 long sword (weapon)
Missiles
 e - 39 stones (quivered)
 m - 13 poisoned needles
Armour
 b - a +0 shield (worn)
Jewellery
 h - a +1 ring of protection (left tentacle)
 j - a cursed ring of loudness (right tentacle)
Scrolls
 i - a scroll of fog
Potions
 f - 2 potions of heal wounds {unknown}
 k - a potion of curing {unknown}
Comestibles
 d - a bread ration
 g - 2 meat rations
 l - a slice of pizza
 n - a chunk of flesh


   Skills:
 + Level 4.5 Fighting
 + Level 3.8 Long Blades
 - Level 3.0 Dodging
 - Level 3.0 Shields


You had 4 spell levels left.
You didn't know any spells.

Dungeon Overview and Level Annotations

Branches:
Dungeon (3/15)

Altars:
Cheibriados


Innate Abilities, Weirdness & Mutations

You cannot wear most types of armour.
You are amphibious.
You can wear up to eight rings at the same time.
You can use your tentacles to constrict eight enemies at once.
Your skin changes colour to match your surroundings (Stealth).
Your rubbery body absorbs attacks (AC +1).


Message History

You block Lysie's ghost's attack. The giant newt bites you.
* * * LOW HITPOINT WARNING * * *
You block the orc's attack. You block Lysie's ghost's attack.
An orc comes into view. It is wielding a short sword.
You miss Lysie's ghost.
Lysie's ghost is severely damaged.
The giant newt bites you.
* * * LOW HITPOINT WARNING * * *
The orc hits you with a mace.
* * * LOW HITPOINT WARNING * * *
You block Lysie's ghost's attack. The giant newt misses you.
An orc comes into view. It is wielding a short sword.
The orc shouts! x2
You slash Lysie's ghost!
You destroy Lysie's ghost!
You have reached level 5!
You feel stronger.
You hear a shout!
The orc hits you with a mace!
You die...

#### ###
##.[.##.#
......o.o
##......#
.(....#.#
#....lo######
#(.@.....#
##..#..#####.#
.....<><.# #.#
###..#.#.# #.#
#....#.###.#
#.##.#.....# #
#.####### #.
#.


You could see 3 orcs and a giant newt.

Vanquished Creatures
  The ghost of Lysie the Ducker, an amateur SpEn (D:3)
  3 adders
  2 giant geckos
  A ball python (D:2)
  3 bats
  A giant cockroach (D:1)
  5 goblins
  5 hobgoblins
  4 jackals (D:1)
  4 kobolds
  2 giant newts
  A quokka (D:2)
  3 rats
35 creatures vanquished.

Notes
Turn   | Place    | Note
--------------------------------------------------------------
     0 | D:1      | Ordine the Octopode Fighter began the quest for the Orb.
     0 | D:1      | Reached XP level 1. HP: 16/16 MP: 1/1
    74 | D:1      | Reached XP level 2. HP: 14/21 MP: 2/2
   789 | D:2      | Found a snail-covered altar of Cheibriados.
   797 | D:2      | Reached XP level 3. HP: 26/26 MP: 3/3
   861 | D:2      | Found a faded altar to an unknown god.
  1081 | D:2      | Reached skill level 4 in Fighting
  1352 | D:3      | Reached XP level 4. HP: 25/33 MP: 4/4
  1393 | D:3      | Noticed Lysie's ghost (amateur SpEn)
  1419 | D:3      | Killed Lysie's ghost
  1419 | D:3      | Reached XP level 5. HP: 4/38 MP: 5/5
  1419 | D:3      | Slain by an orc

Vault maps used:
D:1:      minmay_arrival_solitary_statue, corner_web_ring, hangedman_glass_teeth
D:2:      ecumenical_altar_1, cheibriados_altar_1
D:3:      serial_bayou_lake_a, uniq_jessica

Action                   |  1- 3 |  4- 6 || total
-------------------------+-------+-------++-------
Melee: Long sword        |    65 |    18 ||    83
Throw: Stone             |       |     3 ||     3
  Use: Scroll            |     1 |       ||     1
       Potion            |       |     1 ||     1
 Stab: Sleeping          |     4 |       ||     4
  Eat: Chunk             |     1 |     1 ||     2
